AoeStats
← Q_Djarot

Arena

510555557Analyzed
4v4 RM · 15h ago on Oct 1, 2026· 58m 11s· 8 players
Game mode
Random Map
Map size
Large (8 player)
Population
200
Speed
Normal
Resources
Standard
Victory
Conquest
Starting age
Dark Age
Ending age
Imperial Age
RankedLock teamsTeams togetherTeam positionsShared explorationLock speedFull tech treeHidden civsTurbo modeCheats
Victory
Defeat
🇸🇬 Slavs · Singapore
1111
+14
🇻🇳 Khmer · Vietnam
1097
+15
🇮🇩 Maya · Indonesia
1074
+16
🇨🇳 Japanese · China
1052
+17
🇲🇽 Danes · Mexico
1204
-21
🇪🇸 Japanese · Spain
1034
-14
🇻🇳 Huns · Vietnam
1027
-14
🇨🇴 Vietnamese · Colombia
1012
-13
PacificKempeitai
0:47 Loom
10:32 Feudal Age
11:06 Double-Bit Axe
11:32 Horse Collar
17:52 Castle Age
15:58 Gold Mining
16:12 Fletching
17:23 Stone Mining
17:35 Padded Archer Armor
20:53 Bow Saw
21:54 Pikeman
22:34 Squires
23:27 Heavy Plow
24:05 Wheelbarrow
23:16 Town Watch
24:11 Forging
26:00 Redemption
33:52 Imperial Age
31:38 Hand Cart
32:41 Sanctity
33:02 Fervor
33:29 Iron Casting
32:55 Scale Mail Armor
33:54 Thumb Ring
33:58 Heavy Cavalry Archer
35:01 Thumb Ring
35:09 Bloodlines
34:59 Husbandry
35:18 Leather Archer Armor
36:52 Blast Furnace
36:48 Chain Mail Armor
37:33 Conscription
38:19 Yasama
38:42 Kataparuto
38:31 Siege Engineers
38:07 Treadmill Crane
38:21 Guard Tower
38:27 Murder Holes
38:42 Masonry
38:30 Bodkin Arrow
41:08 Chemistry
40:25 Elite Skirmisher
42:24 Two-Man Saw
42:05 Gold Shaft Mining
42:37 Keep
41:48 Arrowslits
42:59 Ballistics
43:51 Bracer
44:57 Halberdier
47:08 Plate Mail Armor
47:21 Leather Archer Armor
46:42 Elite Samurai
48:38 Arson
49:47 Ring Archer Armor
52:25 Caravan
KhmerEmpire9164
2:02 Loom
12:53 Feudal Age
17:03 Castle Age
14:53 Double-Bit Axe
14:50 Horse Collar
15:12 Stone Mining
15:37 Gold Mining
17:18 Wheelbarrow
18:04 Bow Saw
20:04 Heavy Plow
24:48 Hand Cart
30:02 Gold Shaft Mining
34:25 Imperial Age
32:40 Stone Shaft Mining
31:52 Light Cavalry
32:43 Bloodlines
32:33 Husbandry
32:41 Scale Barding Armor
32:38 Murder Holes
33:04 Ballistics
35:13 Chain Barding Armor
35:04 Forging
35:29 Conscription
35:48 Double Crossbow
36:18 Siege Engineers
37:14 Chemistry
35:58 Elite Ballista Elephant
37:37 Hussar
40:53 Iron Casting
43:23 Blast Furnace
43:06 Onager
47:01 Plate Barding Armor
46:19 Fletching
49:17 Fortified Wall
49:06 Bodkin Arrow
50:20 Caravan
56:51 Hoardings
56:40 Town Watch
56:52 Sappers
57:23 Tusk Swords
and0ng
11:25 Feudal Age
11:57 Man-at-Arms
12:56 Horse Collar
13:40 Forging
14:29 Scale Mail Armor
19:47 Scale Mail Armor
23:52 Castle Age
21:53 Gold Mining
22:21 Bloodlines
24:51 Husbandry
24:16 Light Cavalry
25:08 Scale Barding Armor
26:35 Iron Casting
27:23 Double-Bit Axe
28:43 Heavy Plow
29:40 Wheelbarrow
31:08 Hand Cart
38:09 Gold Shaft Mining
37:24 Stone Mining
38:00 Loom
38:38 Chain Barding Armor
38:09 Fletching
39:55 Bodkin Arrow
42:43 Imperial Age
40:23 Town Watch
42:56 Cavalier
44:39 Plate Barding Armor
44:35 Bow Saw
44:59 Crop Rotation
48:28 Conscription
50:14 Town Patrol
53:05 Long Swordsman
55:22 Two-Man Saw
54:03 Pikeman
54:44 Squires
56:42 Chain Mail Armor
57:27 Blast Furnace
56:14 Halberdier
56:58 Two-Handed Swordsman
Q_Djarot
0:44 Loom
10:42 Feudal Age
16:38 Castle Age
22:23 Fletching
23:21 Horse Collar
24:06 Double-Bit Axe
25:05 Heavy Plow
25:38 Bow Saw
26:41 Gold Mining
27:31 Wheelbarrow
32:08 Imperial Age
29:41 Stone Mining
30:35 Bodkin Arrow
31:54 Padded Archer Armor
32:46 Hand Cart
35:05 Conscription
47:31 Stone Shaft Mining
49:32 Two-Man Saw
50:43 Ballistics
50:40 Scale Mail Armor
50:52 Forging
53:24 Chemistry
54:09 Chain Mail Armor
54:30 Iron Casting
54:58 Chemistry
54:22 Conscription
55:32 Squires
54:55 Pikeman
55:55 Leather Archer Armor
55:41 Bracer
55:24 Halberdier
56:36 Plate Mail Armor
57:08 Blast Furnace
56:17 Elite Plumed Archer
58:29 Ring Archer Armor
58:35 Thumb Ring
likkus
10:20 Feudal Age
10:42 Loom
11:08 Loom
13:03 Wheelbarrow
13:09 Double-Bit Axe
18:31 Castle Age
16:42 Horse Collar
20:01 Bow Saw
20:22 Hand Cart
26:45 Heavy Plow
31:10 Imperial Age
29:33 Fortified Wall
29:28 Padded Archer Armor
29:19 Fletching
29:30 Scale Mail Armor
30:09 Forging
30:22 Ballistics
29:54 Elite Skirmisher
30:09 Pikeman
30:49 Squires
30:35 Arson
33:04 Conscription
33:20 Treadmill Crane
34:28 Leather Archer Armor
34:30 Chain Mail Armor
34:50 Iron Casting
35:26 Heavy Scorpion
35:47 Man-at-Arms
37:10 Plate Mail Armor
37:16 Iron Casting
38:11 Two-Man Saw
39:20 Kataparuto
47:41 Chemistry
46:47 Siege Engineers
47:46 Blast Furnace
47:58 Halberdier
49:26 Bodkin Arrow
sonhero3000
2:15 Loom
9:54 Feudal Age
11:17 Horse Collar
17:26 Castle Age
15:19 Double-Bit Axe
15:53 Gold Mining
16:03 Stone Mining
16:37 Gold Mining
17:50 Wheelbarrow
19:37 Gold Mining
23:57 Heavy Plow
27:43 Bow Saw
27:50 Town Watch
27:38 Pikeman
31:07 Hand Cart
31:50 Gold Shaft Mining
31:37 Squires
33:00 Marauders
34:50 Bloodlines
34:40 Husbandry
35:21 Forging
35:16 Scale Barding Armor
35:11 Scale Mail Armor
39:29 Imperial Age
37:58 Caravan
38:45 Chain Barding Armor
38:40 Chain Mail Armor
39:00 Iron Casting
40:59 Iron Casting
42:12 Two-Man Saw
41:54 Plate Barding Armor
41:43 Conscription
43:25 Blast Furnace
42:15 Fletching
42:25 Padded Archer Armor
43:31 Chemistry
42:52 Ballistics
42:47 Guilds
43:29 Elite Skirmisher
44:15 Thumb Ring
44:36 Parthian Tactics
43:45 Elite Tarkan
46:03 Imperial Skirmisher
46:11 Halberdier
Rata Preñadora
10:34 Feudal Age
14:14 Castle Age
12:37 Double-Bit Axe
12:34 Horse Collar
13:08 Gold Mining
13:52 Loom
16:15 Wheelbarrow
15:59 Bow Saw
19:09 Heavy Plow
20:59 Hand Cart
21:38 Town Watch
27:59 Imperial Age
26:19 Scale Mail Armor
26:30 Forging
28:29 Chain Mail Armor
28:50 Iron Casting
28:28 Gold Mining
28:28 Stone Mining
28:13 Capped Ram
29:52 Plate Mail Armor
30:10 Conscription
29:29 Siege Ram
32:37 Blast Furnace
33:40 Elite Jomsviking
36:28 Gambesons
36:43 Squires
36:29 Arson
39:04 Caravan
47:44 Pikeman
52:03 Halberdier
54:04 Onager
55:08 Elite Varangian Guard
Tutmosis
10:42 Feudal Age
15:14 Castle Age
13:21 Double-Bit Axe
13:34 Horse Collar
15:58 Wheelbarrow
18:19 Forging
18:10 Scale Mail Armor
19:50 Hand Cart
26:56 Bow Saw
29:06 Scale Mail Armor
29:41 Iron Casting
30:19 Chain Mail Armor
32:09 Iron Casting
35:35 Gold Mining
35:36 Stone Mining
36:39 Fletching
36:50 Padded Archer Armor
37:28 Bodkin Arrow
39:18 Leather Archer Armor
43:26 Thumb Ring
46:44 Imperial Age
46:32 Ballistics
45:55 Treadmill Crane
46:26 Masonry
48:31 Chemistry
47:53 Elite Rattan Archer
50:28 Paper Money
51:37 Two-Man Saw
51:15 Elite Skirmisher
52:53 Bracer
53:24 Ring Archer Armor
53:24 Plate Mail Armor
53:50 Murder Holes
54:47 Imperial Skirmisher
Connection lost

Rejoining the realm…

Still unreachable

The connection could not be restored.

Session expired

The server has moved on; the page needs a fresh start.